 Dungeon Crawl Stone Soup version 0.18-a0-1572-g0a86841 (webtiles) character file.

31767 namelastname112 the Cruncher (level 13, -5/111 HPs)
             Began as a Demigod Gladiator on Mar 15, 2016.
             Killed from afar by Azrael (18 damage)
             ... with a blast of hellfire
             ... on level 14 of the Dungeon.
             The game lasted 00:27:06 (13855 turns).

namelastname112 the Cruncher (Demigod Gladiator)   Turns: 13855, Time: 00:27:07

Health: -5/111     AC: 15    Str: 28    XL:     13   Next: 0%
Magic:  16/16      EV: 13    Int: 10    God:
Gold:   746        SH:  0    Dex: 16    Spells: 0 memorised, 12 levels left

rFire  . . .     SeeInvis .     S - +0 lajatang
rCold  . . .     Gourm    .     e - +0 plate armour
rNeg   . . .     Faith    .     (shield currently unavailable)
rPois  +         Spirit   .     (helmet restricted)
rElec  .         Dismiss  .     g - +0 cloak
rCorr  .         Reflect  .     (no gloves)
SustAt +         Harm     .     (no boots)
MR     +++..                    k - amulet of regeneration
Stlth  ..........               G - ring of poison resistance
                                r - ring of protection from magic

@: extremely resistant to hostile enchantments, extremely unstealthy
A: horns 1, high mp 1, magic resistance 1, sustain attributes
a: no special abilities


You were on level 14 of the Dungeon.
You were hungry.

You visited 1 branch of the dungeon, and saw 14 of its levels.

You collected 746 gold pieces.

Inventory:

Hand Weapons
 u - a +1 triple crossbow of freezing
 I - a +0 quarterstaff of freezing
 S - a +0 lajatang (weapon)
Missiles
 j - 28 bolts
 J - a throwing net (quivered)
 M - 14 poisoned bolts
Armour
 c - a +1 helmet
 e - a +0 plate armour (worn)
 g - a +0 cloak (worn)
Jewellery
 d - an uncursed ring of ice
 k - an amulet of regeneration (around neck)
 r - a ring of protection from magic (left hand)
 G - a ring of poison resistance (right hand)
Wands
 b - a wand of flame (21/48)
 v - a wand of heal wounds (1/9)
 x - a wand of polymorph (4/24)
 y - a wand of random effects (10/48)
 B - a wand of confusion (44/48)
 K - a wand of acid (7/15)
 L - a wand of polymorph (9/24)
 N - a wand of enslavement (8/24)
 P - a wand of iceblast (10/15)
Scrolls
 o - 2 scrolls of enchant weapon
 z - 3 scrolls of remove curse
 A - 3 scrolls of enchant armour
 C - 5 scrolls of immolation
 D - a scroll of identify
 F - 2 scrolls of teleportation
 Q - a scroll of amnesia
Potions
 h - 3 potions of curing
 i - 3 potions of cure mutation
 l - a potion of brilliance
 m - 4 potions of heal wounds
 n - 2 potions of haste
 t - 4 potions of magic
 w - a potion of invisibility
 H - a potion of cancellation
 O - a potion of might
 R - a potion of flight
Miscellaneous
 a - a fan of gales
Comestibles
 f - 16 bread rations
 p - 5 beef jerkies
 q - 8 slices of pizza
 s - 4 meat rations
 E - 9 fruits
 T - 2 chunks of flesh


   Skills:
 + Level 9.2 Fighting
 + Level 11.8 Staves
 * Level 8.0 Crossbows
 - Level 1.7 Throwing
 + Level 9.4 Armour
 + Level 9.5 Dodging


You had 12 spell levels left.
You didn't know any spells.

Dungeon Overview and Level Annotations

Branches:
Dungeon (14/15)            Temple (0/1) D:6            Lair (0/8) D:11
    Orc (0/2) D:12         Vaults (0/5) D:13

Shops:
D:6 *

Annotations:
D:5 Prince Ribbit
D:7 4 runed doors
D:14 Azrael


Innate Abilities, Weirdness & Mutations

You have an increased reservoir of magic (+10% MP).
Your attributes are resistant to harm.
You have a pair of small horns on your head.
You are resistant to hostile enchantments.


Message History

Moving in this stuff is going to be slow.
The hell hound barks!
An electric eel comes into view.
The electric eel shoots out a bolt of lightning at you!
The bolt of electricity hits you!
* * * LOW HITPOINT WARNING * * *
Found a robe.
Found a stone staircase leading up.
A water elemental, Azrael and a salamander stormcaller come into view.
You are covered in liquid flames!
* * * LOW HITPOINT WARNING * * *
The salamander stormcaller heats up noticeably.
The electric eel shoots out a bolt of lightning at you!
The bolt of electricity hits you!
* * * LOW HITPOINT WARNING * * *
The electric eel shoots out a bolt of lightning at you!
The bolt of electricity hits you!
* * * LOW HITPOINT WARNING * * *
Azrael gestures at you.
The hellfire explodes!
The blast of hellfire engulfs you!
You die...

...# ... .≈. ####
.....h≈#§.E§≈#≈..
...≈.§≈..§.E;..
..≈#≈.§.h#≈...≈#≈
...≈..R..≈..≈..≈.
##...≈#≈...≈#≈...
...≈..≈.E≈..≈..≈.
..≈#≈...≈#≈...≈#≈
...≈..≈@.≈..≈..≈.
....[≈#≈...≈#≈... #...
...#..≈..≈..≈.... #...##.
#....≈#≈...... ......
#...#.N...<... ......
#...#.(.....#. ### ....
#...#.......#
...#####'####............
....................


You could see Azrael, a salamander stormcaller, a water elemental, 2 fire
elementals, 2 hell hounds and an electric eel.

Vanquished Creatures
  Erolcha (D:12)
  4 vault guards
  2 hydras
  A centaur warrior (D:14)
  Erica (D:11)
  A flayed ghost (D:9)
  5 hill giants
  Pikel (D:5)
  A wolf spider zombie (D:14)
  A deep elf mage (D:13)
  An ugly thing (D:11)
  A cyclops (D:14)
  2 manticores
  Psyche (D:11)
  A gargoyle (D:14)
  A kobold demonologist (D:13)
  2 tengu conjurers (D:10)
  2 trolls
  3 two-headed ogres
  4 slime creatures
  Sigmund (D:6)
  A wraith (D:13)
  2 shadows
  A human (D:7)
  A wyvern (D:14)
  32 yaks
  A steam dragon (D:8)
  A basilisk (D:13)
  A hippogriff (D:13)
  2 hungry ghosts
  2 vampire mosquitoes (D:14)
  Duvessa (D:6)
  4 ice beasts
  5 sky beasts
  2 slaves (D:6)
  8 orc warriors
  An eye of draining (D:11)
  4 phantoms
  6 black bears
  A necrophage (D:7)
  2 wasps
  6 ogres
  15 centaurs
  2 crocodiles (D:12)
  3 big kobolds
  11 giant frogs
  Blork the orc (D:5)
  Dowan (D:6)
  4 scorpions
  9 killer bees
  15 wights
  4 howler monkeys
  5 crimson imps
  2 centaur zombies
  3 jellies
  2 centaur skeletons
  11 hounds
  12 orc priests
  16 orc wizards
  6 giant frog skeletons
  3 iguanas
  7 worker ants
  4 sheep (D:7)
  3 hound skeletons
  2 hound zombies
  A worker ant zombie (D:5)
  9 adders
  5 shadow imps
  4 oozes
  An adder skeleton (D:4)
  3 worms
  3 dart slugs
  5 giant geckos
  43 orcs
  A ball python (D:7)
  5 bats
  6 giant cockroaches
  3 goblins
  15 hobgoblins
  7 jackals
  3 quokkas
  A ball python skeleton (D:4)
  A jackal skeleton (D:6)
  19 kobolds
  A quokka skeleton (D:6)
  A quokka zombie (D:4)
  7 rats
406 creatures vanquished.

Vanquished Creatures (others)
  Fannar (D:10)
  A kobold (D:10)
  6 plants (D:12)
8 creatures vanquished.

Grand Total: 414 creatures vanquished

Notes
Turn   | Place    | Note
--------------------------------------------------------------
     0 | D:1      | namelastname112 the Demigod Gladiator began the quest for the Orb.
     0 | D:1      | Reached XP level 1. HP: 17/17 MP: 3/3
   110 | D:1      | Reached XP level 2. HP: 24/24 MP: 4/4
   170 | D:1      | Found a shattered altar of Ashenzari.
   207 | D:1      | Reached skill level 1 in Armour
   229 | D:1      | Reached skill level 3 in Staves
   518 | D:2      | Reached XP level 3. HP: 29/29 MP: 5/5
   825 | D:2      | Found a sparkling altar of Nemelex Xobeh.
  1358 | D:3      | Reached XP level 4. HP: 37/37 MP: 6/6
  1504 | D:3      | Found a snail-covered altar of Cheibriados.
  1876 | D:4      | Reached XP level 5. HP: 44/44 MP: 7/7
  1920 | D:4      | Found a stormy altar of Qazlal.
  1962 | D:4      | Reached skill level 4 in Staves
  2125 | D:4      | Found a radiant altar of Vehumet.
  2131 | D:4      | Found an opulent altar of Gozag.
  2787 | D:4      | Reached XP level 6. HP: 51/51 MP: 8/8
  2837 | D:5      | Entered Level 5 of the Dungeon
  3062 | D:5      | Noticed Blork the orc
  3093 | D:5      | Killed Blork the orc
  3093 | D:5      | Reached skill level 5 in Staves
  3093 | D:5      | Reached XP level 7. HP: 48/57 MP: 9/9
  3485 | D:5      | Noticed Prince Ribbit
  3767 | D:6      | Found Zuohos's General Store.
  3809 | D:6      | Found a staircase to the Ecumenical Temple.
  3886 | D:6      | Noticed Duvessa
  3886 | D:6      | Noticed Dowan
  3921 | D:6      | Noticed Pikel
  4012 | D:6      | Killed Duvessa
  4012 | D:6      | Reached skill level 6 in Staves
  4026 | D:6      | Killed Dowan
  4026 | D:6      | Reached XP level 8. HP: 49/66 MP: 10/10
  4113 | D:6      | Reached skill level 5 in Dodging
  4234 | D:5      | Killed Pikel
  4234 | D:5      | Reached skill level 7 in Staves
  4260 | D:6      | Reached skill level 5 in Fighting
  4354 | D:6      | Noticed Sigmund
  4368 | D:6      | Killed Sigmund
  4375 | D:6      | Reached XP level 9. HP: 64/74 MP: 11/11
  4458 | D:6      | Reached skill level 5 in Armour
  4627 | D:6      | Gained mutation: You evolve. [mutagenic meat]
  4668 | D:7      | Reached skill level 8 in Staves
  5176 | D:7      | Reached skill level 9 in Staves
  5396 | D:7      | Found a huge runed gate.
  5396 | D:7      | Found a huge runed gate.
  5396 | D:7      | Found a huge runed gate.
  5396 | D:7      | Found a huge runed gate.
  5396 | D:7      | Noticed a griffon
  5396 | D:7      | Noticed a griffon
  5397 | D:7      | Noticed a griffon
  5398 | D:7      | Noticed a griffon
  5404 | D:7      | Noticed a griffon
  5639 | D:7      | Found a sacrificial altar of Ru.
  5688 | D:7      | Found an oddly glowing altar of Pakellas.
  5688 | D:7      | Found a shimmering altar of Xom.
  5691 | D:7      | Reached XP level 10. HP: 78/83 MP: 13/13
  5994 | D:8      | You fall through a shaft for 3 floors!
  6002 | D:11     | Noticed a manticore
  6013 | D:11     | Killed a manticore
  6127 | D:11     | Noticed Psyche
  6137 | D:10     | Entered Level 10 of the Dungeon
  6767 | D:9      | Gained mutation: You are resistant to hostile enchantments. [evolution]
  6824 | D:9      | Reached skill level 10 in Staves
  7204 | D:9      | Noticed a flayed ghost
  7221 | D:9      | Killed a flayed ghost
  7770 | D:8      | Reached skill level 1 in Crossbows
  7805 | D:8      | Found a burning altar of Makhleb.
  7807 | D:8      | Noticed an Executioner
  7838 | D:8      | Reached XP level 11. HP: 86/92 MP: 14/14
  7847 | D:8      | Found a glowing silver altar of Zin.
  7847 | D:8      | Noticed an angel
  7937 | D:8      | Found a basalt altar of Yredelemnul.
  9460 | D:11     | Killed Psyche
  9484 | D:11     | Noticed a five-headed hydra
  9531 | D:11     | Noticed a hill giant
  9615 | D:10     | Killed a hill giant
  9754 | D:11     | Killed a five-headed hydra
  9805 | D:11     | Noticed Erica
  9818 | D:11     | Killed Erica
  9824 | D:11     | Found a staircase to the Lair.
 10212 | D:11     | Noticed Fannar
 10338 | D:10     | Killed Fannar
 10675 | D:12     | Found a staircase to the Orcish Mines.
 10677 | D:12     | Got a transparent flail
 10678 | D:12     | Identified the +0 flail "Undertaker" {speed, +Inv MP+9 Str+3 Dex-2} (You found it on level 12 of the Dungeon)
 10840 | D:12     | Reached skill level 11 in Staves
 10857 | D:12     | Noticed a hill giant
 10881 | D:12     | Noticed a hill giant
 10881 | D:12     | Killed a hill giant
 10881 | D:12     | Reached skill level 5 in Crossbows
 10966 | D:11     | Lost mutation: You evolve. [evolution]
 11029 | D:12     | Killed a hill giant
 11494 | D:12     | Drew Focus: Str increased to 25, Int decreased to 11
 11497 | D:12     | Drew Focus: Str increased to 26, Int decreased to 10
 11550 | D:12     | Reached XP level 12. HP: 102/102 MP: 15/15
 12012 | D:12     | Noticed Erolcha
 12018 | D:12     | Killed Erolcha
 12031 | D:12     | Found a roughly hewn altar of Beogh.
 12149 | D:13     | Gained mutation: You have a pair of small horns on your head. [potion of beneficial mutation]
 12355 | D:13     | Found a gate to the Vaults.
 12355 | D:13     | Noticed a vault guard
 12355 | D:13     | Noticed a vault guard
 12355 | D:13     | Noticed a vault guard
 12355 | D:13     | Noticed a vault guard
 12401 | D:13     | Killed a vault guard
 12495 | D:12     | Killed a vault guard
 12628 | D:12     | Killed a vault guard
 12732 | D:13     | Killed a vault guard
 13322 | D:14     | Noticed a four-headed hydra
 13331 | D:14     | Killed a four-headed hydra
 13717 | D:14     | Noticed a centaur warrior
 13726 | D:14     | Killed a centaur warrior
 13730 | D:14     | Reached XP level 13. HP: 91/111 MP: 16/16
 13845 | D:14     | epen: Пидор
 13851 | D:14     | epen: я ему так простыню катаю
 13854 | D:14     | Noticed Azrael
 13854 | D:14     | Noticed a salamander stormcaller
 13855 | D:14     | Killed from afar by Azrael

Vault maps used:
D:1:      ncdulo_watergridlock, nicolae_ashenzari_panopticon
D:2:      grunt_ministairs_15, nemelex_spade_bored_becter
D:3:      lemuel_upstairs_altar, lemuel_crystal_altar, first_bread
D:4:      grunt_temple_overflow_open, grunt_qazlal_sundering
D:5:      kennysheep_generic_room_7, uniq_prince_ribbit1, uniq_blork_the_orc
D:6:      minmay_temple_entry_junction, serial_shops, shop, uniq_duvessa,
          uniq_sigmund, uniq_pikel
D:7:      lemuel_bear_cage, gammafunk_temple_overflow_pools, grunt_livestock,
          nicolae_ru_great_annihilating_truth
D:8:      grunt_temple_overflow_order_and_chaos_2, lemuel_crystal_altar
D:9:      corner_web_ring, kennysheep_just_a_vault
D:10:     minmay_bad_closet, kennysheep_pointless_box
D:11:     lair_0_dummy, mrwooster_statue_mirror, nicolae_straight_to_the_point,
          uniq_erica, uniq_fannar, uniq_psyche
D:12:     minmay_orc_entry_temple_small, serial_bayou_crossing, uniq_erolcha
D:13:     lightli_vaults_fourway_checkpoint
D:14:     kennysheep_doodads, lemuel_flame_loot_1, uniq_azrael, uniq_rupert

Skill      XL: |  1  2  3  4  5  6  7  8  9 10 11 12 |
---------------+-------------------------------------+-----
Fighting       | 2 3 4 5 6 7 8 9 |  9.2
Armour         | 1 2 3 4 6 7 8 9 |  9.4
Staves         | 3 4 5 6 7 9 10 11 | 11.8
Dodging        | 3 4 5 6 7 8 9 |  9.5
Crossbows      | 1 5 8 |  8.0
Throwing       | |  1.7

Action                   |  1- 3 |  4- 6 |  7- 9 | 10-12 | 13-15 || total
-------------------------+-------+-------+-------+-------+-------++-------
Melee: Quarterstaff      |   120 |   181 |   580 |  1389 |       ||  2270
       Lajatang          |       |       |       |       |    12 ||    12
Throw: Throwing net      |       |       |     2 |     3 |       ||     5
Evoke: Wand              |       |       |     6 |     2 |     1 ||     9
       Deck              |       |       |       |     6 |       ||     6
  Use: Scroll            |       |     7 |     7 |    16 |     2 ||    32
       Potion            |       |       |       |     2 |       ||     2
 Stab: Paralysed         |       |       |     3 |       |       ||     3
       Confused          |       |       |       |     2 |       ||     2
       Held in net/web   |       |       |       |     1 |       ||     1
  Eat: Chunk             |     1 |     6 |     9 |    28 |       ||    44
       Pizza             |       |       |     1 |     2 |       ||     3
       Royal jelly       |       |       |       |     1 |       ||     1
